 Seeded DCSS version 0.30.1-4-g462c640d31 (webtiles) character file.

Game seed: 6351066067085065685 (custom seed)

67 Esekla the Grave Robber (level 4, -4/24 HPs)
             Began as a Deep Elf Necromancer on Aug 11, 2023.
             Slain by a black bear (8 damage)
             ... on level 2 of the Dungeon.
             The game lasted 00:08:52 (1209 turns).

Esekla the Grave Robber (Deep Elf Necromancer)      Turns: 1209, Time: 00:08:52

Health: -4/24      AC:  4    Str:  5    XL:     4   Next: 0%
Magic:  3/11       EV: 13    Int: 22    God:
Gold:   118        SH:  0    Dex: 18    Spells: 6/10 levels left

rFire   . . .        a - +5 rapier of the Hero {heavy, rN+ Dex+3}
rCold   . . .        (no shield)
rNeg    + . .        p - +0 robe
rPois   .            n - +0 helmet
rElec   .            (no cloak)
rCorr   .            l - +0 pair of gloves
SInv    .            (no boots)
Will    .....        j - amulet of magic regeneration
Stlth   ++           (no ring)
HPRegen 0.24/turn    (no ring)
MPRegen 0.52/turn

%: no passive effects
@: very slightly contaminated
A: no striking features
a: no special abilities


You were on level 2 of the Dungeon.
You visited 1 branch of the dungeon, and saw 5 of its levels.

You collected 118 gold pieces.

Inventory:

Hand Weapons
 a - the +5 rapier of the Hero (weapon) {heavy, rN+ Dex+3}
   (You found it on level 3 of the Dungeon)

   Dex:       It affects your dexterity (+3).
   rN:        It protects you from negative energy.
 r - a +0 spear
Missiles
 s - 9 poisoned darts (quivered)
Armour
 l - a +0 pair of gloves (worn)
 n - a +0 helmet (worn)
 p - a +0 robe (worn)
Jewellery
 j - an amulet of magic regeneration (around neck)
Scrolls
 c - a scroll of blinking {unknown}
 e - a scroll of fear {unknown}
 h - a scroll of magic mapping {unknown}
 o - a scroll of immolation {unknown}
 q - a scroll of fog {unknown}
Potions
 b - a potion of magic
 d - a potion of ambrosia {unknown}
 f - 2 potions of attraction {unknown}
 g - a potion of haste {unknown}
 i - 3 potions of brilliance {unknown}
 k - 2 potions of curing {unknown}
 m - a potion of mutation {unknown}


   Skills:
 + Level 0.9 Short Blades
 * Level 3.3 Dodging
 + Level 2.9 Stealth
 * Level 3.6 Spellcasting
 + Level 5.6 Necromancy


You had 6 spell levels left.
You knew the following spells:

 Your Spells              Type           Power      Damage    Failure   Level
a - Necrotise             Necr           100%       1d9       1%          1
d - Vampiric Draining     Necr           28%        2d8       3%          3

Your spell library contained the following spells:

 Spells                   Type           Power      Damage    Failure   Level
 Animate Dead             Necr           28%        N/A       12%         4
 Lesser Beckoning         Tloc           6%         N/A       19%         2
 Agony                    Necr           28%        N/A       32%         5
 Gell's Gravitas          Tloc           3%         N/A       34%         3
 Spider Form              Tmut/Pois      3%         N/A       34%         3
 Teleport Other           Tloc           3%         N/A       34%         3
 Cause Fear               Hex            1%         N/A       75%         4
 Summon Mana Viper        Hex/Summ       3%         N/A       97%         5


Dungeon Overview and Level Annotations

Branches:
Dungeon (5/15)
 Temple: D:4-7

Altars:
Dithmenos
Okawaru
Vehumet
Zin
The Shining One

Shops:
D:2 =


Message History

Press: ? - help, Shift-Dir - straight line, f/p - black bear
Aim: a black bear You draw life force from the black bear!
You feel life coursing into your body.
The black bear bites you but does no damage.
The black bear claws you. x2
Casting: Vampiric Draining (quite dangerous; 3% risk of failure)
Confirm with . or Enter, or press ? or * to list all spells.
The spell is quite dangerous to miscast (3% risk of failure)!
Continue anyway?
Aiming: Vampiric Draining (quite dangerous; 3% risk of failure)
Press: ? - help, Shift-Dir - straight line, f/p - black bear
Aim: a black bear (heavily wounded)
You draw life force from the black bear!
You feel life coursing into your body.
The black bear goes berserk!
Casting: Vampiric Draining (quite dangerous; 3% risk of failure)
Confirm with . or Enter, or press ? or * to list all spells.
The spell is quite dangerous to miscast (3% risk of failure)!
Continue anyway?
Aiming: Vampiric Draining (quite dangerous; 3% risk of failure)
Press: ? - help, Shift-Dir - straight line, f/p - black bear
Aim: a black bear (severely wounded, berserk)
You draw life force from the black bear!
You feel life coursing into your body. The black bear bites you.
The black bear claws you but does no damage.
The black bear barely misses you.
You barely miss the black bear.
The black bear is almost dead.
The black bear bites you but does no damage.
The black bear closely misses you. The black bear barely misses you.
The black bear closely misses you.
The black bear claws you but does no damage.
The black bear claws you. The black bear closely misses you.
The black bear misses you. The black bear claws you.
You barely miss the black bear.
The black bear is almost dead.
The black bear bites you. The black bear claws you.
* * * LOW HITPOINT WARNING * * *
The black bear claws you.
* * * LOW HITPOINT WARNING * * *
The black bear bites you!
You die...

#.##..#####.#
#.##..#####.###
######.##<.........#
#......##........).
#.####.##.######.#.####
#.......#.....)..r..h..
#.#####.########.#.####
..#8.8#....# #h#
###...###8.#####@#
'..._...'.†......#
###...###8.#.##### .
#8.8#......#
..#####.....##
.........####
.........# ##########


You could see a black bear (berserk) and a rat (wandering).

Vanquished Creatures
  An iguana (D:2)
  A gnoll (D:2)
  An adder (D:2)
  A dart slug (D:1)
  4 ball pythons (D:1)
  2 endoplasms (D:1)
  3 goblins (D:1)
  3 hobgoblins
  A quokka (D:1)
  3 frilled lizards
  3 kobolds
23 creatures vanquished.

Notes
Turn   | Place    | Note
-------+----------+-------------------------------------------
     0 | D:1      | Esekla the Deep Elf Necromancer began the quest for the
                  | Orb.
     0 | D:1      | Reached XP level 1. HP: 10/10 MP: 6/6
   145 | D:1      | Reached skill level 5 in Necromancy
   353 | D:4      | You fall into a shaft and drop 1 floor!
   353 | D:5      | Entered Level 5 of the Dungeon
   362 | D:5      | Got the Parchment of the Lumpy Olives
   380 | D:5      | Found a shadowy altar of Dithmenos.
   499 | D:4      | Found a glowing golden altar of the Shining One.
   513 | D:4      | Found a radiant altar of Vehumet.
   608 | D:4      | Found an iron altar of Okawaru.
   668 | D:4      | Found a glowing silver altar of Zin.
   736 | D:3      | Reached XP level 2. HP: 12/15 MP: 8/8
   815 | D:3      | Identified the +5 rapier of the Hero {heavy, rN+ Dex+3}
   922 | D:2      | Found Renulab's Jewellery Shop.
  1068 | D:1      | Reached XP level 3. HP: 19/19 MP: 9/9
  1088 | D:1      | Learned a level 3 spell: Vampiric Draining
  1141 | D:2      | Noticed a black bear
  1171 | D:2      | Found a faded altar of an unknown god.
  1188 | D:2      | Reached XP level 4. HP: 17/24 MP: 4/11
  1209 | D:2      | Slain by a black bear

Illustrated notes

Levels and vault maps discovered:
D:1:      sevenhm_arrival_forest_fort_small_3, layout_rooms,
          chequers_serial_rivers_room_b, minmay_misc_feat_five
D:2:      layout_loops_ring, dreamdust_ecumenical_altar_angels_and_demons,
          serial_shops, shop
D:3:      layout_basic, grunt_temple_overflow_open, minmay_misc_feat_iff
D:4:      layout_basic, nicolae_overflow_quartered_altars, serial_shops,
          nicolae_diamond_shop
D:5:      layout_loops_ring, lemuel_doored_altar, minmay_misc_feat_rows,
          dreamdust_wishing_well

Skill      XL: |  1  2 |
---------------+-------+-----
Necromancy     | 5 |  5.6
Dodging        | 3 |  3.3
Short Blades   | |  0.9
Stealth        | |  2.9
Spellcasting   | |  3.6

Action                     |  1- 3 |  4- 6 || total
---------------------------+-------+-------++-------
  Melee: Short sword       |    32 |       ||    32
         Unarmed           |     9 |       ||     9
         Rapier            |    23 |     2 ||    25
         Punch             |     2 |       ||     2
   Cast: Vampiric Draining |     4 |     3 ||     7
   Stab: Distracted        |     1 |       ||     1
         Sleeping          |     1 |       ||     1
 Armour: Robe              |    12 |     6 ||    18
  Dodge: Dodged            |    40 |     6 ||    46
